[Event "*** SCC Grand Prix: Titled Tuesday Blitz"]
[Site "Chess.com"]
[Date "2020.06.02"]
[Round "4"]
[White "Anna_Ko_Rnd"]
[Black "PauloCesarCosta_sad"]
[Result "0-1"]
[WhiteElo "1736"]
[BlackElo "2191"]
[TimeControl "180+1"]
[EndTime "10:39:00 PDT"]
[Termination "PauloCesarCosta_sad won on time"]

1. e4 e6 2. d4 d5 3. Nd2 Nf6 4. e5 Nfd7 5. Bd3 c5 6. c3 Nc6 7. Ne2 Qb6 8. Nf3 cxd4 9. cxd4 f6 10. exf6 Nxf6 11. O-O Bd6 12. Bg5 O-O 13. Rb1 e5 14.
dxe5 Nxe5 15. Nxe5 Bxe5 16. Qc2 Kh8 17. Bxf6 Rxf6 18.
Ng3 Bd7 19. b3 Rc8 20. Qe2 Qe6 21. Rbe1 Re8 22. Qc2 Qf7 23. a4 a6 24. Qd2 Rf4 25. f3 Kg8 26. Kh1 b5 27. axb5 Bxb5 28. Bxb5 axb5 29.
Qd3 b4 30. Qb5 Rh4 0-1

[Event "*** SCC Grand Prix: Titled Tuesday Blitz"]
[Site "Chess.com"]
[Date "2020.06.02"]
[Round "4"]
[White "jefferyx"]
[Black "hanzo_hasashi1"]
[Result "0-1"]
[WhiteElo "2924"]
[BlackElo "2766"]
[TimeControl "180+1"]
[EndTime "10:39:02 PDT"]
[Termination "hanzo_hasashi1 won on time"]

1. d4 Nf6 2. c4 e6 3. Nc3 Bb4 4. Nf3 d5 5. cxd5 exd5 6. Bf4 O-O 7. e3 Re8 8. Be2 Ne4 9. Rc1 g5 10. Bg3 h5 11. Qa4 Bxc3+ 12. bxc3 Nd7 13. c4 Nb6 14. Qa5 h4 15. Be5 f6 16. c5 fxe5 17. cxb6 cxb6 18.
Qb4 a5 19. Qb2 exd4 20. Qxd4 g4 21. Nd2 Bf5 22. f3 Nxd2 23. Kxd2 Qd6 24. Bc4 Qb4+ 25.
Ke2 dxc4 26. Qd5+ Be6 27. Qg5+ Kf7 28. Qf4+ Kg6 29. Rc2 c3 0-1

[Event "*** SCC Grand Prix: Titled Tuesday Blitz"]
[Site "Chess.com"]
[Date "2020.06.02"]
[Round "4"]
[White "zala02"]
[Black "Danfii"]
[Result "0-1"]
[WhiteElo "2234"]
[BlackElo "2431"]
[TimeControl "180+1"]
[EndTime "10:39:02 PDT"]
[Termination "Danfii won on time"]

1. d4 Nf6 2. c4 e6 3. Nc3 Bb4 4. Nf3 c5 5. g3 Nc6 6. Bg2 Ne4 7.
Bd2 Nxd2 8. Qxd2 cxd4 9. Nxd4 O-O 10. O-O a6 11. a3 Be7 12. Rfd1 Qc7 13. Rac1 Ne5 14.
Ne4 f5 15. f4 fxe4 16. fxe5 Qxe5 17. Qe3 Bg5 18. Qxe4 Qxe4 19. Bxe4 Be3+ 20. Kg2 Rf2+ 21. Kh3 Bxc1 22. Rxc1 d5 23. cxd5 exd5+ 24. Rxc8+ Rxc8 25. Bxd5+ Kh8 26. Bxb7 Rd8 27. Ne6 Re8 28. Nf4 g5 29. Nd3 Rfxe2 30. Bxa6 h5 0-1

[Event "*** SCC Grand Prix: Titled Tuesday Blitz"]
[Site "Chess.com"]
[Date "2020.06.02"]
[Round "4"]
[White "Mikhail_Golubev"]
[Black "RaunakSadhwani2005"]
[Result "0-1"]
[WhiteElo "2551"]
[BlackElo "2881"]
[TimeControl "180+1"]
[EndTime "10:39:03 PDT"]
[Termination "RaunakSadhwani2005 won by resignation"]

1. e4 c6 2. d4 d5 3. Nc3 dxe4 4.
Nxe4 Nf6 5. Nxf6+ exf6 6. c3 Bd6 7. Bd3 O-O 8. Ne2 Re8 9. Qc2 h5 10. O-O h4 11. h3 Nd7 12. Be3 Nf8 13. Rad1 Qa5 14. c4 Bd7 15. c5 Bb8 16. Nf4 Qc7 17. Rfe1 Ne6 18. Nxe6 Qh2+ 19. Kf1 Bxe6 20. Ke2 Qxg2 21.
Rg1 Qxh3 22. Kd2 Bg4 23. Rh1 Qf3 24. Rdg1 Bf4 25. Kc3 Bxe3 26. fxe3 Rxe3 27. Rxh4 Bf5 28. Rgh1 Rxd3+ 29. Kb4 Rxd4+ 30. Ka5 b6+ 31. cxb6 axb6+ 32. Kxb6 Rxh4 33. Qxf5 Qxf5 0-1

[Event "*** SCC Grand Prix: Titled Tuesday Blitz"]
[Site "Chess.com"]
[Date "2020.06.02"]
[Round "4"]
[White "DanielDardha2005"]
[Black "Jumbo"]
[Result "0-1"]
[WhiteElo "2659"]
[BlackElo "2841"]
[TimeControl "180+1"]
[EndTime "10:39:04 PDT"]
[Termination "Jumbo won by resignation"]

1. Nf3 g6 2. c4 Bg7 3. Nc3 c5 4. d4 cxd4 5. Nxd4 Nc6 6. Nc2 Bxc3+ 7. bxc3 Qa5 8. Bd2 d6 9. e4 Nf6 10. f3 Be6 11. Be2 Rc8 12. O-O Ne5 13. Qb1 Nxc4 14. Bxc4 Bxc4 15. Qxb7 Qa6 16. Qxa6 Bxa6 17. Rfc1 Kd7 18.
Rab1 Rc7 19. Rb4 Rhc8 20. Kf2 Ke8 21. Ne3 Bc4 22. Rc2 Nd7 23. Rcb2 Ne5 24. Nxc4 Nd3+ 25.
Ke3 Nxb4 26. Nxd6+ exd6 27. Rxb4 Kd7 28. Ra4 Rb7 29.
Kd3 Rc6 30. Be3 a6 31. h4 Rb2 32. g3 h5 33. Bf4 Ke6 34. Ra5 Rf2 35. Ke3 Rc2 36. Kd4 R2xc3 37. Ra4 Rxf3 38. e5 d5 39. Rb4 Ra3 40. Bc1 Rxc1 41. Rb6+ Ke7 0-1

[Event "*** SCC Grand Prix: Titled Tuesday Blitz"]
[Site "Chess.com"]
[Date "2020.06.02"]
[Round "4"]
[White "AlexanderL"]
[Black "Niclox"]
[Result "0-1"]
[WhiteElo "2816"]
[BlackElo "2660"]
[TimeControl "180+1"]
[EndTime "10:39:05 PDT"]
[Termination "Niclox won by resignation"]

1. Nf3 Nf6 2. c4 g6 3. Nc3 Bg7 4. e4 d6 5. d4 O-O 6. Be2 e5 7. O-O Nc6 8. Be3 Ng4 9. Bg5 f6 10.
Bc1 f5 11. Bg5 Qd7 12. d5 Nd4 13. Nxd4 exd4 14. Nb5 fxe4 15. Nxd4 h6 16. Ne6 Nxh2 17. Kxh2 hxg5 18. Nxf8 Be5+ 19. Kg1 Kxf8 20. Qd2 Qh7 21. f4 gxf4 22. Rxf4+ Kg7 23. Raf1 Bf5 24. Bg4 Rh8 25. Bh3 Qh6 26. Qe3 b6 27. b3 a5 28. a4 Qg5 29. Bxf5 gxf5 30. Rxe4 Qxe3+ 31. Rxe3 Bd4 32. Kf2 f4 0-1

[Event "*** SCC Grand Prix: Titled Tuesday Blitz"]
[Site "Chess.com"]
[Date "2020.06.02"]
[Round "4"]
[White "kidagent"]
[Black "Crazy_girl99"]
[Result "0-1"]
[WhiteElo "2199"]
[BlackElo "2419"]
[TimeControl "180+1"]
[EndTime "10:39:05 PDT"]
[Termination "Crazy_girl99 won by resignation"]

1. e4 e5 2. Nf3 Nc6 3. Bb5 a6 4. Ba4 Nf6 5. O-O Nxe4 6. Re1 Nc5 7. Bxc6 dxc6 8. Nxe5 Be7 9. d4 Ne6 10. c3 O-O 11. Nd2 c5 12. Ndf3 cxd4 13. cxd4 c6 14. Be3 Nc7 15. Qd3 Nd5 16. Rad1 Be6 17. a3 Bf6 18.
Nc4 h6 19. Ncd2 Qc7 20. Ne4 Be7 21. Qd2 Kh7 22. Ne5 Rad8 23. h3 f5 24. Nc3 Nxc3 25. bxc3 Bxa3 26. Bf4 Qc8 27. c4 Bd6 28. c5 Bxc5 29.
dxc5 Rxd2 30. Rxd2 Bd5 31. Nd3 Re8 32. Rxe8 Qxe8 33. Be5 Be4 34. f4 Qd7 35. Bd6 Qe6 36. Ne5 a5 37. Kf2 a4 38. g4 a3 39. Rd1 a2 40.
Ra1 Qb3 0-1

[Event "*** SCC Grand Prix: Titled Tuesday Blitz"]
[Site "Chess.com"]
[Date "2020.06.02"]
[Round "4"]
[White "Eloist"]
[Black "Gandrade2"]
[Result "1/2-1/2"]
[WhiteElo "2220"]
[BlackElo "2010"]
[TimeControl "180+1"]
[EndTime "10:39:07 PDT"]
[Termination "Game drawn by repetition"]

1. e4 c5 2. Nf3 g6 3. c3 d5 4. e5 Nc6 5. d4 Bg4 6. Bb5 e6 7. O-O Ne7 8. Bg5 Bg7 9. Bxc6+ bxc6 10. dxc5 O-O 11. Bf6 Qc7 12. Bxg7 Kxg7 13. Nbd2 a5 14. h3 Bxf3 15. Nxf3 a4 16. b4 axb3 17. axb3 Qb7 18. b4 Rxa1 19. Qxa1 Ra8 20. Qb2 Qb5 21. Ra1 Rxa1+ 22.
Qxa1 Qc4 23. Nd4 Nf5 24. Nxf5+ gxf5 25. Qb2 Qe4 26. b5 Qe1+ 27. Kh2 Qxe5+ 28. g3 cxb5 29.
Qxb5 Qxc3 30. c6 Qf3 31. Qc5 d4 32. c7 Qxf2+ 33. Kh1 Qf1+ 34. Kh2 Qf2+ 35. Kh1 Qf1+ 36. Kh2 Qf2+ 1/2-1/2

[Event "*** SCC Grand Prix: Titled Tuesday Blitz"]
[Site "Chess.com"]
[Date "2020.06.02"]
[Round "4"]
[White "GOGIEFF"]
[Black "VMikhalevski"]
[Result "1-0"]
[WhiteElo "2965"]
[BlackElo "2744"]
[TimeControl "180+1"]
[EndTime "10:39:08 PDT"]
[Termination "GOGIEFF won by resignation"]

1. d4 Nf6 2. c4 g6 3. Nc3 d5 4. cxd5 Nxd5 5. e4 Nxc3 6. bxc3 Bg7 7. Bc4 c5 8. Ne2 O-O 9. O-O Nc6 10. Be3 Bg4 11.
f3 Bd7 12. Rb1 Qc7 13. Qc1 Rad8 14. Qa3 Na5 15. Bd3 Bc8 16. Rfd1 c4 17. Bc2 b6 18. d5 e5 19. dxe6 Rxd1+ 20. Rxd1 Bxe6 21. Nd4 Bd7 22. f4 Re8 23. Qc1 Nb7 24. e5 Nc5 25. Bf2 f6 26.
exf6 Bxf6 27. f5 Nd3 28. Bxd3 cxd3 29. fxg6 hxg6 30. Rxd3 Qc4 31. Rg3 Kg7 32. Qc2 Qf7 33. h3 Be5 34. Rf3 Qd5 35. Qd2 b5 36. Bg3 Bxd4+ 37.
cxd4 Bf5 38. Qf2 Qxd4 39. Qxd4+ 1-0

[Event "*** SCC Grand Prix: Titled Tuesday Blitz"]
[Site "Chess.com"]
[Date "2020.06.02"]
[Round "4"]
[White "crywolf1986"]
[Black "Jenia84"]
[Result "0-1"]
[WhiteElo "2483"]
[BlackElo "2236"]
[TimeControl "180+1"]
[EndTime "10:39:08 PDT"]
[Termination "Jenia84 won by resignation"]

1. d4 Nf6 2. Nf3 b6 3. c4 e6 4. a3 Bb7 5. Nc3 Be7 6. e3 O-O 7. Bd3 c5 8. d5 exd5 9. cxd5 Nxd5 10. Nxd5 Bxd5 11. Bxh7+ Kxh7 12. Qxd5 Nc6 13. O-O Bf6 14. Rd1 Qe7 15. Rb1 Rad8 16. b3 Qe6 17. Bb2 Bxb2 18. Rxb2 Qxd5 19. Rxd5 Ne7 20. Re5 Rfe8 21. e4 d6 22. Rh5+ Kg8 23. Rd2 g6 24. Rh4 d5 25.
Kf1 d4 26. Ne1 Nc6 27. Nd3 Kg7 28. Re2 Na5 29. b4 Nb3 30. Rc2 c4 31. Nb2 b5 32. Nd1 c3 33. Ke2 d3+ 34. Kf3 dxc2 35. Nxc3 Rd3+ 0-1

[Event "*** SCC Grand Prix: Titled Tuesday Blitz"]
[Site "Chess.com"]
[Date "2020.06.02"]
[Round "4"]
[White "gumimis"]
[Black "jorquerino"]
[Result "0-1"]
[WhiteElo "2138"]
[BlackElo "2326"]
[TimeControl "180+1"]
[EndTime "10:39:08 PDT"]
[Termination "jorquerino won on time"]

1. e4 d5 2. exd5 Nf6 3. Bb5+ Bd7 4. Be2 Nxd5 5. d4 Bf5 6. a3 e6 7. Nf3 Be7 8. O-O O-O 9. c4 Nb6 10. Nc3 Nc6 11. Be3 Bf6 12. h3 h6 13. b4 Qd7 14. b5 Na5 15. c5 Nd5 16. Qd2 Nb3 17.
Qb2 Nxa1 18. Qxa1 Nxc3 19. Qxc3 Rfd8 20. Rd1 Be4 21. a4 c6 22. Qb4 Qd5 23. a5 cxb5 24. Qxb5 Qc6 25. Qb4 a6 26. Bf4 Rd7 27. Bd6 Rad8 28.
Kh2 Rxd6 29. cxd6 Qxd6+ 30. Qxd6 Rxd6 31. Kg3 Rd5 32. Kf4 Bf5 33. g4 Bc2 34. Rc1 g5+ 35. Ke3 Ba4 36. Rc7 Bc6 0-1

[Event "*** SCC Grand Prix: Titled Tuesday Blitz"]
[Site "Chess.com"]
[Date "2020.06.02"]
[Round "4"]
[White "DeGrootteZ"]
[Black "medalja"]
[Result "1-0"]
[WhiteElo "2626"]
[BlackElo "2415"]
[TimeControl "180+1"]
[EndTime "10:39:09 PDT"]
[Termination "DeGrootteZ won by resignation"]

1. e4 c6 2. d4 d5 3. exd5 cxd5 4. c4 Nf6 5. Nc3 Nc6 6. Bg5 e6 7. Nf3 Be7 8. c5 Ne4 9. Bxe7 Qxe7 10. Rc1 O-O 11.
Be2 f5 12. O-O g5 13. Bb5 Bd7 14. Bxc6 Bxc6 15. Ne5 Rf6 16. f3 Nxc3 17. Rxc3 Rh6 18. Qd2 Rf8 19. Re1 Kh8 20. Rce3 Rg8 21. R3e2 Be8 22.
Nd3 Bd7 23. Qe3 Qf7 24. g3 Bc8 25. f4 Rh3 26. fxg5 Rh5 27. h4 h6 28. Nf4 hxg5 29.
Nxh5 Qxh5 30. hxg5 Kg7 31. Rh2 Qg4 32. Qf4 Kf8 33.
Qxg4 fxg4 34. Re5 Bd7 35. Rh7 Ke8 36. Kf2 Rf8+ 37. Kg2 Rf3 38. g6 Rf8 39. g7 Rg8 40.
Rh8 Kf7 41. Rxg8 Kxg8 42. Rg5 e5 43. Rxe5 1-0

[Event "*** SCC Grand Prix: Titled Tuesday Blitz"]
[Site "Chess.com"]
[Date "2020.06.02"]
[Round "4"]
[White "GMCarbone"]
[Black "TregubovP"]
[Result "0-1"]
[WhiteElo "2331"]
[BlackElo "2560"]
[TimeControl "180+1"]
[EndTime "10:39:09 PDT"]
[Termination "TregubovP won by resignation"]

1. d4 Nf6 2. c4 e6 3. g3 d5 4. Nf3 dxc4 5. Bg2 Nc6 6. Qa4 Bb4+ 7. Bd2 Bd6 8. Qxc4 e5 9. O-O O-O 10. dxe5 Nxe5 11. Nxe5 Bxe5 12. Bc3 Qe7 13. Bxe5 Qxe5 14.
Nc3 c6 15. Rad1 Be6 16. Qd4 Qxd4 17. Rxd4 Rfd8 18. Rfd1 Rxd4 19. Rxd4 Kf8 20. f4 Ke7 21. e4 Rd8 22. Rxd8 Kxd8 23. e5 Ng4 24. Ne4 Bxa2 25.
Nd6 b6 26. Bxc6 f6 27. exf6 Nxf6 28. Nb5 a6 29. Nc3 Bb3 30. h3 Kc7 31. Bf3 Kd6 32.
Kf2 Kc5 33. Ke3 a5 34. g4 b5 35. h4 b4 36. Ne4+ Nxe4 37. Bxe4 h6 38. g5 a4 39. gxh6 gxh6 40. Bb1 a3 41. bxa3 bxa3 42.
h5 Kd5 43. Be4+ Ke6 44. Bb1 a2 45. Bxa2 Bxa2 46. Ke4 Kf6 47. Kf3 Kf5 48. Kg3 Bd5 49. Kh4 Kxf4 0-1

[Event "*** SCC Grand Prix: Titled Tuesday Blitz"]
[Site "Chess.com"]
[Date "2020.06.02"]
[Round "4"]
[White "Stronger1799"]
[Black "FlightsOfFancy"]
[Result "1-0"]
[WhiteElo "2360"]
[BlackElo "1834"]
[TimeControl "180+1"]
[EndTime "10:39:09 PDT"]
[Termination "Stronger1799 won on time"]

1. e4 Nf6 2. e5 Nd5 3. c4 Nb6 4. b3 d5 5. exd6 cxd6 6. Bb2 d5 7. Nf3 Bg4 8. Be2 Nc6 9. O-O dxc4 10. bxc4 Qd6 11.
Na3 O-O-O 12. Nb5 Qh6 13. d4 e6 14. a4 a6 15. a5 Nd7 16. d5 Nf6 17. Qb3 exd5 18.
Bxf6 gxf6 19. cxd5 Bxf3 20. Bxf3 Ne5 21. Qc3+ Kd7 22.
Rfe1 Nxf3+ 23. Qxf3 1-0

[Event "*** SCC Grand Prix: Titled Tuesday Blitz"]
[Site "Chess.com"]
[Date "2020.06.02"]
[Round "4"]
[White "ClassyEl"]
[Black "OrtizMarcos"]
[Result "1-0"]
[WhiteElo "2572"]
[BlackElo "2333"]
[TimeControl "180+1"]
[EndTime "10:39:11 PDT"]
[Termination "ClassyEl won on time"]

1. d4 Nf6 2. Bg5 Ne4 3. Bf4 d5 4. e3 c5 5. Bd3 Nf6 6. dxc5 Nc6 7. Bb5 Qa5+ 8. Nc3 a6 9. Bxc6+ bxc6 10. Qd4 Nd7 11. b4 Qd8 12. a3 f6 13. Qd2 e5 14.
Bg3 a5 15. Rb1 axb4 16. axb4 Ba6 17. Nge2 h5 18. h3 h4 19. Bh2 Be7 20. O-O O-O 21.
Rfd1 Rf7 22. Nc1 Bc4 23. Nb3 Nf8 24. Na5 Rxa5 25. bxa5 Qxa5 26. Nxd5 Qxc5 27. Nxe7+ Qxe7 28. Qb4 Bd5 29. Qxe7 Rxe7 30. f3 Bf7 31. e4 Ne6 32. c3 Nc5 33. Kf2 Ra7 34. Rd2 Ra3 35. Rc2 Nd3+ 36. Ke3 Nc5 37. Bg1 Na4 38. Kd2 c5 39. Bf2 c4 40. Bxh4 Kh7 41. Rb7 Kg6 42. Ra7 Ra1 43.
Bf2 Rf1 44. Ke2 Ra1 45. Kd2 Rf1 46. Rxa4 Rxf2+ 47. Kc1 Rf1+ 48. Kb2 Rg1 49. Rd2 Kh7 50. Ra7 Kg6 51. h4 Be6 52. g4 Kh6 53. Rd6 Rg2+ 54.
Ka3 Bg8 55. Rdd7 1-0

[Event "*** SCC Grand Prix: Titled Tuesday Blitz"]
[Site "Chess.com"]
[Date "2020.06.02"]
[Round "4"]
[White "andy_rekt"]
[Black "ega2006"]
[Result "0-1"]
[WhiteElo "2032"]
[BlackElo "2383"]
[TimeControl "180+1"]
[EndTime "10:39:12 PDT"]
[Termination "ega2006 won on time"]

1. d4 Nf6 2. c4 g6 3. Nc3 Bg7 4.
e4 d6 5. Nge2 O-O 6. Ng3 Nc6 7.
Be2 e5 8. d5 Nd4 9. O-O c5 10.
dxc6 bxc6 11. Be3 c5 12. Bg5 h6 13. Bxf6 Bxf6 14. Nd5 Bg7 15. Bd3 Be6 16. Ne2 f5 17. Nxd4 cxd4 18. f3 h5 19. Qa4 Bh6 20. Qa3 Kg7 21. f4 Bxd5 22. cxd5 Bxf4 23. exf5 gxf5 24. Qb3 Be3+ 25. Kh1 e4 26. Bc4 Rb8 27. Qc2 d3 28.
Qd1 Qg5 29. g3 Rxb2 30. Rb1 Rfb8 31. Rxb2 Rxb2 32. Bb3 h4 0-1

[Event "*** SCC Grand Prix: Titled Tuesday Blitz"]
[Site "Chess.com"]
[Date "2020.06.02"]
[Round "4"]
[White "MFguimaraes"]
[Black "Rodalquilar"]
[Result "0-1"]
[WhiteElo "2421"]
[BlackElo "2631"]
[TimeControl "180+1"]
[EndTime "10:39:13 PDT"]
[Termination "Rodalquilar won by resignation"]

1. e4 d5 2. exd5 Qxd5 3. Nc3 Qa5 4. d4 Nf6 5. Bc4 Bf5 6. Bd2 Qb4 7. Bb3 Qxd4 8. Nf3 Qd8 9. O-O e6 10. Qe2 Be7 11.
Rad1 Nbd7 12. Bf4 c6 13. Ne5 Qc8 14. g4 Bg6 15. h4 Nxe5 16. Bxe5 h6 17. h5 Bh7 18. f4 Rg8 19. g5 Bf5 20. gxf6 gxf6+ 21.
Kh2 fxe5 22. fxe5 Qc7 23. Rxf5 exf5 24. Kh1 Rd8 25. e6 Rxd1+ 26. Nxd1 f6 27. Ne3 Qe5 28. Qf3 Bd6 29. Qf2 Qe4+ 30. Ng2 Rg3 31. c3 Rh3+ 32. Kg1 Bh2+ 33. Kf1 Rf3 0-1

[Event "*** SCC Grand Prix: Titled Tuesday Blitz"]
[Site "Chess.com"]
[Date "2020.06.02"]
[Round "4"]
[White "rynos0411"]
[Black "ChristopherYoo"]
[Result "0-1"]
[WhiteElo "2445"]
[BlackElo "2822"]
[TimeControl "180+1"]
[EndTime "10:39:13 PDT"]
[Termination "ChristopherYoo won by resignation"]

1. d4 Nf6 2. c4 g6 3. Nc3 d5 4. cxd5 Nxd5 5. Na4 Bg7 6. e4 Nb6 7. Be3 O-O 8. Nf3 Nc6 9. Be2 Bg4 10. d5 Nxa4 11. Qxa4 Bxb2 12. Rb1 Bc3+ 13. Kf1 Nb8 14.
Rxb7 Nd7 15. Rb3 Bg7 16. h3 Bxf3 17. Bxf3 Nb6 18. Qc6 Qc8 19. Kg1 Be5 20. Be2 Bd6 21. f4 e5 22. fxe5 Bxe5 23. Bc5 Re8 24. Bg4 Qa6 25.
Ra3 Qc4 26. Bf2 Qxe4 27. g3 Bd4 28. Rf3 h5 29. Bf5 0-1

[Event "*** SCC Grand Prix: Titled Tuesday Blitz"]
[Site "Chess.com"]
[Date "2020.06.02"]
[Round "4"]
[White "korbul"]
[Black "Tormoz"]
[Result "0-1"]
[WhiteElo "2474"]
[BlackElo "2663"]
[TimeControl "180+1"]
[EndTime "10:39:14 PDT"]
[Termination "Tormoz won by checkmate"]

1. d4 d5 2. c4 e6 3. Nf3 Nf6 4. Nc3 c6 5. e3 a6 6. a4 c5 7. Bd3 Nc6 8. O-O cxd4 9. exd4 Nb4 10. Be2 Be7 11. Bg5 O-O 12. c5 b6 13. cxb6 Qxb6 14.
a5 Qd8 15. Ne5 h6 16. Bf4 Bb7 17. h3 Rc8 18. Qb3 Ba8 19. Rfc1 Bd6 20. Qd1 Rb8 21. Bg3 Qe7 22. Qf1 Bb7 23. Qd1 Ne4 24. Bh2 Rfc8 25. f3 Nf6 26. g4 Nd7 27. Kg2 Nxe5 28. dxe5 Bc5 29. Na4 Be3 30. Rxc8+ Rxc8 31. Qb3 Rc2 32.
Kf1 d4 33. Bg3 Bd5 34. Qa3 Qb7 35. Bd3 Bxf3 36. Nb6 Nxd3 37. Qxd3 Be2+ 38. Qxe2 Qh1# 0-1

[Event "*** SCC Grand Prix: Titled Tuesday Blitz"]
[Site "Chess.com"]
[Date "2020.06.02"]
[Round "4"]
[White "chesslh19"]
[Black "GMartin_Petrov"]
[Result "0-1"]
[WhiteElo "2187"]
[BlackElo "2567"]
[TimeControl "180+1"]
[EndTime "10:39:15 PDT"]
[Termination "GMartin_Petrov won by resignation"]

1. e4 c6 2. d4 g6 3. c4 d5 4. Nc3 dxe4 5. Nxe4 Bg7 6. Be3 Nd7 7. Nf3 Ngf6 8. Nxf6+ Nxf6 9. h3 Ne4 10. Bd3 Qa5+ 11.
Nd2 Nxd2 12. Qxd2 Qxd2+ 13. Kxd2 Be6 14. Rad1 O-O-O 15. Kc2 Bxd4 16. Bxg6 Bxe3 17. Rxd8+ Rxd8 18. Bxh7 Rd2+ 19. Kc3 Rxf2 20. Be4 c5 21. Kd3 Bd4 22. b4 Rxa2 23. bxc5 Bxc5 24. h4 Ra3+ 25. Kc2 Re3 26.
Bd3 Rg3 27. Be4 Bxc4 28. h5 Bd4 29. Bf3 Rg5 30. h6 Ra5 31. Rh4 Ra2+ 32. Kd1 Bb3+ 33. Kc1 Bc3 34. Be4 Re2 35. Bf5+ e6 36. Re4 Rc2+ 37.
Kd1 exf5 38. Re8+ Kd7 0-1

[Event "*** SCC Grand Prix: Titled Tuesday Blitz"]
[Site "Chess.com"]
[Date "2020.06.02"]
[Round "4"]
[White "GaboSalazar2001"]
[Black "MrChampion_Coach"]
[Result "0-1"]
[WhiteElo "2257"]
[BlackElo "2445"]
[TimeControl "180+1"]
[EndTime "10:39:15 PDT"]
[Termination "MrChampion_Coach won on time"]

1. e4 c5 2. Nf3 d6 3. d4 cxd4 4. Nxd4 Nf6 5. Nc3 a6 6. Be3 e6 7. Be2 b5 8. a4 b4 9. Na2 Bb7 10.
Nxb4 Nxe4 11. O-O Be7 12. a5 O-O 13. Nb3 Nd7 14. Bf3 Qc7 15. c3 f5 16. Qe2 Rfe8 17.
Bh5 g6 18. Bf3 Bf6 19. Rfd1 Ne5 20. Bxe4 fxe4 21. Bb6 Qc4 22. Qe1 Qxb3 23. Rxd6 Rac8 24. Rad1 Qxb2 25. Bd4 Qb3 26. Rb6 Ba8 27. Nc6 Qc2 28.
Nxe5 e3 0-1

[Event "*** SCC Grand Prix: Titled Tuesday Blitz"]
[Site "Chess.com"]
[Date "2020.06.02"]
[Round "4"]
[White "MalcolmPein"]
[Black "JesseKraai"]
[Result "0-1"]
[WhiteElo "2216"]
[BlackElo "2430"]
[TimeControl "180+1"]
[EndTime "10:39:16 PDT"]
[Termination "JesseKraai won by resignation"]

1. d4 e6 2. c4 Nf6 3. Nc3 Bb4 4. e3 O-O 5. Bd3 d5 6. a3 Bxc3+ 7. bxc3 dxc4 8.
Bxc4 Nbd7 9. Ne2 b6 10. O-O Bb7 11. f3 c5 12. e4 Qc7 13. Bd3 Rac8 14. Qe1 a6 15. Qh4 e5 16. d5 b5 17. Ng3 c4 18.
Bc2 g6 19. Bg5 Rfe8 20. Kh1 Kg7 21. Nf5+ gxf5 22. Bxf6+ Nxf6 23. Qg5+ Kf8 24. Qxf6 Kg8 25. exf5 Qd8 26. Qh6 f6 27. Rad1 Qd6 28. Rfe1 Kh8 29.
Re4 Rg8 30. Rh4 Rg7 31. Be4 Rcg8 32. Qe3 Rxg2 33. f4 R2g7 34. Bf3 exf4 35. Qxf4 Qxa3 36. d6 Qb3 37. Qd2 0-1

[Event "*** SCC Grand Prix: Titled Tuesday Blitz"]
[Site "Chess.com"]
[Date "2020.06.02"]
[Round "4"]
[White "mortngabriel"]
[Black "SketchyMoves"]
[Result "0-1"]
[WhiteElo "2451"]
[BlackElo "2636"]
[TimeControl "180+1"]
[EndTime "10:39:17 PDT"]
[Termination "SketchyMoves won on time"]

1. e4 c6 2. d4 d5 3. exd5 cxd5 4. Bd3 Nc6 5. c3 Qc7 6. Ne2 Bg4 7. O-O e6 8. f3 Bh5 9. Qe1 Nf6 10. Qh4 Bg6 11.
Bxg6 fxg6 12. Nf4 Kf7 13. Re1 e5 14. Nh3 Re8 15. Na3 h6 16. dxe5 Bc5+ 17. Be3 Nxe5 18. Nb5 Bxe3+ 19. Rxe3 Qb6 20. Nd4 Qxb2 21. Rae1 g5 22. Qg3 Nh5 23. Nxg5+ Kg6 24. Qh3 Nf4 25. Qf5+ Kh5 26. Nf7+ g5 27. Qh3+ Nxh3+ 0-1

[Event "*** SCC Grand Prix: Titled Tuesday Blitz"]
[Site "Chess.com"]
[Date "2020.06.02"]
[Round "4"]
[White "aRk_iN"]
[Black "Forantes"]
[Result "0-1"]
[WhiteElo "2091"]
[BlackElo "2309"]
[TimeControl "180+1"]
[EndTime "10:39:17 PDT"]
[Termination "Forantes won by resignation"]

1. d4 Nf6 2. Bg5 d5 3. Bxf6 exf6 4. e3 Bd6 5. g3 O-O 6. Bg2 c6 7. Ne2 Bf5 8. O-O Nd7 9. b3 Nb6 10. Nd2 Qe7 11. c4 dxc4 12. bxc4 c5 13. e4 Bd7 14. d5 f5 15. a4 Be5 16. Ra2 fxe4 17. a5 Nc8 18. Nxe4 f5 19. Nd2 Nd6 20. f4 Bf6 21. Ra3 Rfe8 22. Nc1 Bb2 23. Rd3 b6 24. Ncb3 Qf6 25. Qc2 Ne4 26. Nxe4 fxe4 27. Rdd1 e3 28. Rfe1 Bg4 29. Rd3 Bf5 0-1

[Event "*** SCC Grand Prix: Titled Tuesday Blitz"]
[Site "Chess.com"]
[Date "2020.06.02"]
[Round "4"]
[White "AcostaPablo"]
[Black "ErikRonka"]
[Result "1-0"]
[WhiteElo "2611"]
[BlackElo "2392"]
[TimeControl "180+1"]
[EndTime "10:39:18 PDT"]
[Termination "AcostaPablo won by resignation"]

1. d4 Nf6 2. c4 b6 3. Nf3 Bb7 4. e3 g6 5. Be2 Bg7 6. O-O O-O 7. Nc3 c5 8. b3 cxd4 9. Nxd4 d6 10. Bb2 Nbd7 11.
Rc1 Rc8 12. h3 Qc7 13. Nd5 Nxd5 14. cxd5 Qb8 15. Bf3 Ne5 16. Qe2 Qa8 17. e4 Rxc1 18. Rxc1 Rc8 19. Bg4 Rxc1+ 20. Bxc1 h5 21. Bf3 Qc8 22. Bb2 Qc5 23. Qd2 a5 24. Be2 Kh7 25.
g3 Bc8 26. Kg2 Bd7 27. f4 h4 28. fxe5 Bxe5 29. gxh4 Qc8 30. Nf3 Bxh3+ 31. Kf2 Bxb2 32. Qxb2 Qg4 33. Ng5+ Kg8 34. Bxg4 1-0

[Event "*** SCC Grand Prix: Titled Tuesday Blitz"]
[Site "Chess.com"]
[Date "2020.06.02"]
[Round "4"]
[White "szachuspl"]
[Black "ARMQUEEN"]
[Result "1-0"]
[WhiteElo "2522"]
[BlackElo "2327"]
[TimeControl "180+1"]
[EndTime "10:39:18 PDT"]
[Termination "szachuspl won by resignation"]

1. d4 d5 2. c4 dxc4 3. Nf3 Nf6 4. Nc3 e6 5. e3 a6 6. Bxc4 c5 7. O-O Qc7 8. Qe2 b5 9. Bd3 Bb7 10. dxc5 Bxc5 11. Bd2 Nbd7 12. Rfc1 Qd6 13. e4 Ng4 14.
Rf1 Nde5 15. Nxe5 Nxe5 16. Bc2 Rd8 17. Bf4 Bd4 18. Bg3 O-O 19. Rfd1 Qb6 20. Kh1 Nc4 21. Bb3 Na5 22. h3 Nc6 23. f3 Ne7 24. Rac1 Ng6 25.
f4 Ne7 26. Kh2 Bc6 27. Rd3 a5 28. Rcd1 a4 29. Bc2 Rd7 30. Rxd4 Rxd4 31. Bf2 Rfd8 32. Rxd4 Rxd4 33. Qe3 b4 34. Nxa4 Bxa4 35. Bxa4 e5 36. fxe5 Qa5 37. Qxd4 g6 38. Bb3 Kg7 39. e6+ f6 40. Bg3 Nc6 41. Qd7+ 1-0

[Event "*** SCC Grand Prix: Titled Tuesday Blitz"]
[Site "Chess.com"]
[Date "2020.06.02"]
[Round "4"]
[White "dolynachess"]
[Black "gemarin"]
[Result "0-1"]
[WhiteElo "2359"]
[BlackElo "2020"]
[TimeControl "180+1"]
[EndTime "10:39:18 PDT"]
[Termination "gemarin won by resignation"]

1. d4 d5 2. c4 c6 3. Nc3 Nf6 4. Nf3 e6 5. g3 Be7 6. Bg2 O-O 7.
O-O Nbd7 8. Qd3 b6 9. Rd1 Bb7 10. e4 dxe4 11. Nxe4 Nxe4 12. Qxe4 Nf6 13. Qe2 Qc7 14.
Bf4 Bd6 15. Ne5 Rad8 16. c5 Bxe5 17. Bxe5 Qe7 18. Bd6 Rxd6 19. cxd6 Qxd6 20. Rac1 Nd5 21. a3 Rd8 22. Qe5 Qd7 23. b4 h6 24. h4 Qe7 25. f4 Qd7 26. Kh2 Kf8 27. Re1 Kg8 28. h5 Nf6 29. b5 Ng4+ 30. Kh3 Nxe5 31. dxe5 c5 32. Bxb7 Qxb7 33. Rcd1 Rd5 34. Kg4 Qd7 35. a4 Rxd1 0-1

[Event "*** SCC Grand Prix: Titled Tuesday Blitz"]
[Site "Chess.com"]
[Date "2020.06.02"]
[Round "4"]
[White "Ali-Farahat"]
[Black "Igor_Lysyj"]
[Result "1-0"]
[WhiteElo "2387"]
[BlackElo "2769"]
[TimeControl "180+1"]
[EndTime "10:39:20 PDT"]
[Termination "Ali-Farahat won by resignation"]

1. e4 e5 2. Nf3 Nc6 3. Nc3 Nf6 4. Bb5 Bc5 5. Nxe5 Nxe5 6. d4 Bd6 7. dxe5 Bxe5 8. O-O O-O 9. Bg5 h6 10. Bh4 c6 11.
Bd3 Qb6 12. Rb1 d6 13. Kh1 g5 14. f4 gxf4 15. Ne2 Nh5 16. Ng3 Ng7 17. Nh5 Qc5 18. b4 Qb6 19. Nf6+ Kh8 20. Ng4 Bxg4 21. Qxg4 Qc7 22. Rxf4 Qc8 23. Qf3 f5 24. exf5 Bf6 25. Bxf6 Rxf6 26. Re1 Qf8 27. h3 Re8 28. Rxe8 Qxe8 29.
Re4 Qf7 30. g4 d5 31. Re1 Rd6 32. Qf4 Qf6 33. Qe5 Qxe5 34. Rxe5 Kg8 35. Re7 b6 36.
Rxa7 c5 37. bxc5 bxc5 38. Ra5 c4 39. Rxd5 Ne8 40. Bxc4 Kf8 41. Rxd6 Nxd6 42. Bd3 Ke7 43. Kg2 1-0